 Dungeon Crawl Stone Soup version 0.20.1-1-g8b1a95d66d (webtiles) character file.

28 Optimism the Conjurer (level 3, -6/14 HPs)
             Began as a Felid Conjurer on Nov 30, 2017.
             Mangled by a gnoll (8 damage)
             ... on level 2 of the Dungeon.
             The game lasted 00:05:32 (1343 turns).

Optimism the Conjurer (Felid Conjurer)              Turns: 1343, Time: 00:05:37

Health: -6/14      AC:  1    Str:  4    XL:     3   Next: 0%
Magic:  6/7        EV: 18    Int: 17    God:
Gold:   30         SH:  0    Dex: 16    Spells: 5/6 levels left
                                        Lives:  0   Deaths: 0

rFire    . . .     SeeInvis +   (weapon unavailable)
rCold    . . .     Gourm    .   (shield unavailable)
rNeg     . . .     Faith    .   (armour unavailable)
rPois    .         Spirit   .   (helmet unavailable)
rElec    .         Reflect  .   (cloak unavailable)
rCorr    .         Harm     .   (gloves unavailable)
MR       .....                  (boots unavailable)
Stlth    +++.......             (no amulet)
Regen    0.1/turn               (no ring)
MPRegen  0.1/turn               (no ring)

@: quick
A: no armour, no weapons or thrown items, stealth, claws 1, fangs 3, see
invisible, carnivore 3, speed 1, shaggy fur 1, slow metabolism 1, sharp paws
a: no special abilities


You were on level 2 of the Dungeon.
You were not hungry.

You visited 1 branch of the dungeon, and saw 2 of its levels.

You collected 30 gold pieces.

Inventory:

Scrolls
 c - a scroll of random uselessness {unknown}
 e - a scroll of teleportation {unknown}
 h - 2 scrolls of noise {unknown}
 j - 2 scrolls of identify {unknown}
Potions
 d - a potion of heal wounds {unknown}
 f - a potion of brilliance {unknown}
 g - a potion of curing {unknown}
Books
 a - a book of Conjurations

   Spells                             Type                      Level
   a - Magic Dart                     Conjuration                  1
   b - Searing Ray                    Conjuration                  2
   c - Dazzling Spray                 Conjuration/Hexes            3
   d - Fulminant Prism                Conjuration/Hexes            4
   e - Force Lance                    Conjuration/Translocation    4
   f - Iskenderun's Mystic Blast      Conjuration                  4
Comestibles
 b - a meat ration
 i - a royal jelly


   Skills:
 + Level 2.8 Dodging
 + Level 2.8 Stealth
 + Level 2.2 Spellcasting
 + Level 4.3 Conjurations


You had 5 spell levels left.
You knew the following spells:

 Your Spells              Type           Power        Failure   Level  Hunger
a - Magic Dart            Conj           ###.         3%          1    #......


Dungeon Overview and Level Annotations

Branches:
Dungeon (2/15)

Altars:


Innate Abilities, Weirdness & Mutations

You cannot wear armour.
You are incapable of wielding weapons or throwing items.
Your paws allow you to move quietly. (Stealth)
You have sharp claws.
You have razor-sharp teeth.
You have supernaturally acute eyesight. (SInv)
You are carnivorous and can eat meat at any time.
You cover ground quickly.
You are covered in fur. (AC +1)
You have a slow metabolism.
Your sharp claws are effective at attacking unaware monsters.


Message History

There is a stone staircase leading down here.
You start resting.
Magic restored.
You start resting.
HP restored.
You climb downwards.
The gnoll misses you. The gnoll hits you but does no damage.
The gnoll closely misses you.
There is a stone staircase leading up here.
Casting: Magic Dart
Confirm with . or Enter, or press ? or * to list all spells.
Aiming: Magic Dart
Press: ? - help, Shift-Dir - straight line, f - gnoll
Aim: a gnoll, wielding a flail The magic dart hits the gnoll.
The gnoll hits you with a spear!
Ouch! That really hurt!
The gnoll hits you with a flail.
* * * LOW HITPOINT WARNING * * *
The gnoll hits you!
Ouch! That really hurt!
You die...

#.############....(......$..
.....#......................
......................####...
...........).........(.......
#.##..................#....##
#.###.g...............# ...#
#.# #.(.###.)........## ..#
#.#.....###.....g....# .#
..###...#...>...@....# #
.............gg...#
#.#...#.#..........#
....$..............#
##.#.#..........#
#.#.###.....#### # . #.#.###
....#


You could see 3 gnolls.

Vanquished Creatures
  A dart slug (D:1)
  2 giant cockroaches (D:1)
  5 hobgoblins
  2 bats (D:1)
  A frilled lizard (D:1)
  5 goblins (D:1)
  5 kobolds
  3 rats (D:1)
24 creatures vanquished.

Notes
Turn   | Place    | Note
-------+----------+-------------------------------------------
     0 | D:1      | Optimism the Felid Conjurer began the quest for the Orb.
     0 | D:1      | Reached XP level 1. HP: 7/7 MP: 4/4
   115 | D:1      | Reached XP level 2. HP: 11/11 MP: 0/6
   147 | D:1      | Reached skill level 4 in Conjurations
  1237 | D:1      | Reached XP level 3. HP: 9/14 MP: 5/7
  1343 | D:2      | Mangled by a gnoll

Skill      XL: |  1  2 |
---------------+-------+-----
Conjurations   | 4 |  4.3
Dodging        | |  2.8
Stealth        | |  2.8
Spellcasting   | |  2.2

Action                   || total
-------------------------++-------
Melee: Unarmed           ||    13
       Bite              ||     2
 Cast: Magic Dart        ||    55
Armor: Skin              ||     1
Dodge: Dodged            ||    19
